 Dungeon Crawl Stone Soup version 0.31.0-9-g3a7656b989 (webtiles) character file.

Game seed: 4878774468765134188

2195 gareppa the Cleaver (level 9, -6/55 HPs)
             Began as a Gargoyle Fighter on Feb 4, 2024.
             Was a Believer of Okawaru.
             Mangled by a wight
             ... wielding a +5 trident of freezing
              (10 damage)
             ... on level 6 of the Dungeon.
             The game lasted 00:09:25 (5407 turns).

gareppa the Cleaver (Gargoyle Fighter)              Turns: 5407, Time: 00:09:25

Health: -6/55      AC: 32    Str: 24    XL:     9   Next: 34%
Magic:  11/12      EV:  6    Int:  9    God:    Okawaru [**....]
Gold:   261        SH:  7    Dex:  9    Spells: 8/8 levels left

rFire   . . .        a - +1 war axe
rCold   . . .        c - +1 buckler
rNeg    + + .        n - +0 crystal plate armour
rPois   ∞            h - +0 helmet
rElec   +            w - +0 cloak
rCorr   .            j - +0 pair of gloves
SInv    .            r - +0 pair of boots
Will    .....        (no amulet) Stlth
                     g - ring of positive energy
HPRegen 0.29/turn    (no ring)
MPRegen 0.13/turn

%: no passive effects
@: heroic
A: sickness immunity, AC +6, negative energy resistance 1, electricity
resistance, torment resistance 1, petrification resistance
a: Renounce Religion, Heroism


You were on level 6 of the Dungeon.
You worshipped Okawaru.
Okawaru was pleased with you.
You visited 2 branches of the dungeon, and saw 7 of its levels.

You collected 261 gold pieces.

Inventory:

Hand Weapons
 a - a +1 war axe (weapon)
 v - a +2 hammer of protection
Armour
 c - a +1 buckler (worn)
 e - a scarf of resistance
 h - a +0 helmet (worn)
 j - a +0 pair of gloves (worn)
 k - the +0 leather armour "Touf" {Str+4}
   (You found it on level 2 of the Dungeon)

   Str+4:     It affects your strength (+4).
 n - a +0 crystal plate armour (worn)
 q - a +2 robe of willpower
 r - a +0 pair of boots (worn)
 t - a +2 plate armour of poison resistance
 w - a +0 cloak (worn)
 x - a +0 robe of cold resistance
Jewellery
 g - a ring of positive energy (left hand)
Talismans
 b - a blade talisman
 o - a beast talisman
 s - a beast talisman
Wands
 u - a wand of flame (15)
Scrolls
 f - 2 scrolls of vulnerability
 i - 3 scrolls of identify
 y - a scroll of blinking
 B - a scroll of noise {unknown}
Potions
 d - a potion of might
 l - 2 potions of haste
 m - 4 potions of curing
 p - 2 potions of resistance
 z - 2 potions of brilliance {unknown}
 A - a potion of invisibility {unknown}


   Skills:
 * Level 6.3(11.3) Fighting
 * Level 8.4(13.4) Axes
 + Level 4.4(9.4) Armour
 + Level 1.9(6.9) Dodging
 + Level 0.1(5.1) Stealth
 + Level 4.5(9.5) Shields
 * Level 4.5 Invocations


You had 8 spell levels left.
You didn't know any spells.
Your spell library contained the following spells:

 Spells                   Type           Power      Damage    Failure   Level
 Gell's Gravitas          Tloc           0%         N/A       100%        3
 Sigil of Binding         Hex            0%         N/A       100%        3
 Teleport Other           Tloc           0%         N/A       100%        3
 Dimensional Bullseye     Hex/Tloc       0%         N/A       100%        4
 Dispersal                Tloc           0%         N/A       100%        6
 Ozocubu's Refrigeration  Ice            0%         4d7       100%        7
 Polar Vortex             Ice            0%         N/A       100%        9
 Call Canine Familiar     Summ           Unusable   N/A       N/A         3
 Sculpt Simulacrum        Ice/Alch       Unusable   N/A       N/A         6

Dungeon Overview and Level Annotations

Branches:
Dungeon (6/15)             Temple (1/1) D:6

Altars:
Ashenzari
Dithmenos
Elyvilon
Fedhas
Gozag
Hepliaklqana
Kikubaaqudgha
Makhleb
Nemelex Xobeh
Okawaru
Qazlal
Sif Muna
Trog
Uskayaw
Vehumet
Wu Jian
Xom
Yredelemnul
Zin
The Shining One

Shops:
D:3 [

Annotations:
D:5 3 runed translucent doors, P0WERM0DE's ghost, amateur DrAl


Innate Abilities, Weirdness & Mutations

You are immune to sickness and miasma.
Your stone body is resilient. (AC +6)
You are immune to poison.
You resist negative energy. (rN+)
You are resistant to electric shocks. (rElec)
You are resistant to unholy torment.
You are immune to petrification.


Message History

You hit the wight.
You destroy the wight!
Okawaru accepts your kill.
The wight hits you from afar with a +5 trident of freezing.
The wight freezes you.
You barely miss the wight.
The wight hits you but does no damage. x2
You closely miss the wight. The wight barely misses you.
The wight hits you but does no damage. x3
You gain the combat prowess of a mighty hero.
You block the wight's attack.
The wight hits you from afar with a +5 trident of freezing!
* * * LOW HITPOINT WARNING * * *
The wight freezes you.
* * * LOW HITPOINT WARNING * * *
You barely miss the wight. You block the wight's attack.
You slash the wight!
The wight is almost destroyed.
The wight hits you but does no damage.
You closely miss the wight.
The wight is almost destroyed.
The wight closely misses you. The wight hits you but does no damage.
You hit the wight.
You destroy the wight!
Okawaru accepts your kill. The wight hits you but does no damage.
The wight hits you but does no damage.
Items here: )) [[.
You barely miss the wight. The wight barely misses you.
You hit the wight.
The wight is lightly damaged.
The wight hits you with a +5 trident of freezing.
* * * LOW HITPOINT WARNING * * *
The wight freezes you.
* * * LOW HITPOINT WARNING * * *
You slash the wight!
The wight is almost destroyed.
You closely miss the wight.
The wight is almost destroyed.
The wight hits you with a +5 trident of freezing!
You die...

. .. ... ### ....###
### ..# ....... #.#
..#. .......##.###
.... ......z@.>..#
..## #########.#.#
..# ##...##.#.# ..#
#.........# ..#
#######...........#
..#
#.......#......#..#
..#
#.###########..#..#
###
#....##.............
#
#....##.#####..######


You could see a wight.

Vanquished Creatures
  Sigmund (D:2)
  Eustachio (D:4)
  2 orc warriors
  A black bear (D:4)
  A sky beast (D:6)
  2 ice beasts (D:5)
  A phantom (D:6)
  An ogre (D:6)
  A centaur (D:5)
  Blork the orc (D:5)
  A bullfrog (D:6)
  2 scorpions
  2 wights (D:6)
  3 hounds (D:5)
  3 jellies
  Crazy Yiuf (D:5)
  3 orc priests
  A sleepcap (D:6)
  An iguana (D:6)
  4 orc wizards
  Robin (D:2)
  A gnoll (D:2)
  8 adders
  A river rat (D:6)
  3 white imps
  4 ufetubi
  3 dart slugs
  5 ribbon worms
  31 orcs
  7 bats
  9 endoplasms
  6 giant cockroaches
  7 hobgoblins
  2 kobolds
  7 quokkas
  4 ball pythons
  3 frilled lizards
  18 goblins
  6 rats
159 creatures vanquished.

Notes
Turn   | Place    | Note
-------+----------+-------------------------------------------
     0 | D:1      | gareppa the Gargoyle Fighter began the quest for the Orb.
     0 | D:1      | Reached XP level 1. HP: 14/14 MP: 1/1
   170 | D:1      | Reached skill level 2 in Axes
   202 | D:1      | Reached XP level 2. HP: 15/19 MP: 2/2
   805 | D:2      | Noticed Robin
   819 | D:2      | Reached XP level 3. HP: 21/24 MP: 3/3
   829 | D:2      | Killed Robin
   977 | D:2      | Reached XP level 4. HP: 29/29 MP: 4/4
  1008 | D:2      | Identified the +0 leather armour "Touf" {Str+4}
  1023 | D:2      | Noticed Sigmund
  1047 | D:2      | Killed Sigmund
  1048 | D:2      | Reached skill level 4 in Axes
  1048 | D:2      | Reached skill level 1 in Dodging
  1048 | D:2      | Reached XP level 5. HP: 21/34 MP: 5/5
  1181 | D:2      | Reached XP level 6. HP: 39/39 MP: 6/6
  1783 | D:3      | Found an iron altar of Okawaru.
  1784 | D:3      | Found a radiant altar of Vehumet.
  1784 | D:3      | Found a glowing golden altar of the Shining One.
  1791 | D:3      | Became a worshipper of Warmaster Okawaru
  2050 | D:3      | Found Yducogur's Antique Armour Shoppe.
  2469 | D:4      | Noticed a black bear
  2484 | D:4      | Killed a black bear
  2558 | D:4      | Reached XP level 7. HP: 39/44 MP: 7/7
  2637 | D:4      | Reached skill level 1 in Invocations
  2658 | D:4      | Reached skill level 5 in Axes
  2804 | D:4      | Noticed Eustachio
  2834 | D:4      | Killed Eustachio
  2835 | D:4      | Reached skill level 5 in Fighting
  3463 | D:5      | Entered Level 5 of the Dungeon
  3542 | D:5      | Found a runed translucent gate.
  3543 | D:5      | Found a runed translucent gate.
  3548 | D:5      | Found a runed translucent gate.
  3548 | D:5      | Noticed P0WERM0DE's ghost (amateur DrAl)
  3634 | D:5      | Reached * piety under Okawaru
  3635 | D:5      | Reached skill level 6 in Axes
  3635 | D:5      | Reached XP level 8. HP: 33/49 MP: 8/10
  3908 | D:5      | Found a runed translucent door.
  3909 | D:5      | Noticed Crazy Yiuf
  3956 | D:5      | Noticed Blork the orc
  3967 | D:5      | Killed Blork the orc
  4042 | D:5      | Reached skill level 7 in Axes
  4302 | D:5      | Killed Crazy Yiuf
  4668 | D:6      | Reached XP level 9. HP: 55/55 MP: 11/11
  4918 | D:6      | Reached skill level 8 in Axes
  4923 | D:6      | Reached ** piety under Okawaru
  5262 | D:6      | Found a staircase to the Ecumenical Temple.
  5272 | Temple   | Entered the Ecumenical Temple
  5407 | D:6      | Mangled by a wight

Illustrated notes

Levels and vault maps discovered:
D:1:      dpeg_arrival_three_smaller_balls, layout_basic, minivault_23
D:2:      layout_basic, minmay_close_crescents, uniq_robin, uniq_sigmund
D:3:      layout_basic, chequers_temple_overflow_statue_of_worship,
          serial_bayou, serial_bayou_lake_a, serial_bayou_shore_a,
          serial_bayou_lagoon_a, serial_bayou_ford_a, serial_shops,
          nicolae_shop_back_alley_shop
D:4:      layout_basic, uniq_eustachio
D:5:      layout_rooms, gammafunk_ghost_nasty_kobolds, uniq_blork_the_orc,
          uniq_crazy_yiuf_cottage
D:6:      layout_basic, minmay_temple_entry_glassed_door, gup_sewer_entry_spiral
Temple:   nicolae_temple_bog_church

Skill      XL: |  1  2  3  4  5  6  7  8  9 |
---------------+----------------------------+-----
Axes           | 2 4 6 7 8 |  8.4
Fighting       | 4 5 6 |  6.3
Dodging        | 1 |  1.9
Shields        | 4 |  4.5
Invocations    | 2 3 4 |  4.5
Armour         | 4 |  4.4
Stealth        | |  0.1

Action                     |  1- 3 |  4- 6 |  7- 9 || total
---------------------------+-------+-------+-------++-------
  Melee: War axe           |    92 |   155 |   342 ||   589
 Invoke: Heroism           |       |       |     2 ||     2
    Use: Scroll            |     5 |     4 |     4 ||    13
         Potion            |     2 |     1 |       ||     3
 Armour: Scale mail        |    57 |    76 |       ||   133
         Leather armour    |       |    33 |    71 ||   104
         Crystal plate arm |       |       |   309 ||   309
  Dodge: Dodged            |    48 |    68 |   130 ||   246
  Block: Buckler           |    33 |    47 |   111 ||   191
